 Dungeon Crawl Stone Soup version 0.30-a0-782-ge64f9170bb (console) character file.

Game seed: 9578274370254870246

8757 utis the Zephyrmancer (level 11, -6/63 HPs)
             Began as a Tengu Wanderer on Feb 25, 2023.
             Mangled by a skeletal warrior
             ... wielding a +0 battleaxe
              (23 damage)
             ... on level 9 of the Dungeon.
             The game lasted 00:55:45 (11543 turns).

utis the Zephyrmancer (Tengu Wanderer)             Turns: 11543, Time: 00:55:46

Health: -6/63      AC: 12    Str: 11    XL:     11   Next: 35%
Magic:  1/16       EV: 18    Int: 14    God:
Gold:   636        SH:  0    Dex: 18    Spells: 3/16 levels left

rFire   + . .      SeeInvis .    a - +0 whip (elec)
rCold   . . .      Faith    .    (no shield)
rNeg    . . .      Spirit   .    L - +3 scale mail {rF+}
rPois   .          Reflect  .    (helmet restricted)
rElec   .          Harm     .    d - +0 cloak {Will+}
rCorr   .          Rampage  .    z - +0 pair of gloves
Will    +....                    (boots unavailable)
Stlth   ++                       g - amulet of regeneration {@e1}
HPRegen 1.10/turn                E - +5 ring of evasion
MPRegen 0.15/turn                (no ring)

@: flying quickly and evasively, quick
A: beak, talons 3, nimble flight
a: no special abilities


You were on level 9 of the Dungeon.
You visited 1 branch of the dungeon, and saw 9 of its levels.

You collected 636 gold pieces.

Inventory:

Hand Weapons
 a - a +0 whip of electrocution (weapon)
 c - a +0 dagger of venom
 B - a +1 flail of draining
 D - a +1 flail of holy wrath
 F - a +1 scimitar of flaming
 K - a +0 dire flail of protection
 M - a +0 dagger of draining
 U - a +0 glaive
Missiles
 b - 2 atropa-tipped darts
 j - 16 poisoned darts
 o - 73 stones (quivered)
 J - 2 datura-tipped darts
 N - a throwing net {=f}
 V - a curare-tipped dart {=f}
 Y - 4 boomerangs
Armour
 d - a +0 cloak of willpower (worn)
 e - a +0 scale mail
 z - a +0 pair of gloves (worn)
 L - a +3 scale mail of fire resistance (worn)
 S - a +0 buckler
Jewellery
 g - an amulet of regeneration (around neck) {@e1}
 y - an amulet of magic regeneration {@e1}
 E - a +5 ring of evasion (left hand)
Wands
 i - a wand of polymorph (1)
 t - a wand of paralysis (9)
 O - a wand of flame (10)
 P - a wand of mindburst (16)
 X - a wand of roots (7)
Scrolls
 k - 4 scrolls of identify {@r1}
 m - a scroll of teleportation {@r4}
 n - a scroll of poison {unknown}
 q - a scroll of magic mapping {unknown}
 v - a scroll of amnesia
 w - 2 scrolls of blinking {unknown}
 A - a scroll of noise {unknown}
 C - a scroll of enchant weapon {unknown}
 R - a scroll of immolation {unknown}
 W - a scroll of fog {unknown}
 Z - 2 scrolls of vulnerability {unknown}
Potions
 f - a potion of haste {@q3}
 h - 5 potions of heal wounds {@q2}
 l - 2 potions of attraction
 p - a potion of cancellation
 r - 7 potions of flight
 s - a potion of brilliance
 u - 7 potions of curing {@q1}
 x - 3 potions of berserk rage {!q}
 I - 2 potions of degeneration {unknown}
 Q - a potion of invisibility {unknown}
 T - a potion of experience {unknown}


   Skills:
 - Level 5.1 Fighting
 - Level 2.0 Short Blades
 - Level 7.9 Maces & Flails
 - Level 3.9 Throwing
 - Level 4.3 Armour
 - Level 5.0 Dodging
 - Level 5.0 Stealth
 - Level 3.0 Spellcasting
 - Level 5.0 Summonings
 - Level 4.0 Transmutations
 + Level 8.7 Air Magic
 - Level 4.0 Poison Magic
 + Level 7.6 Evocations


You had 3 spell levels left.
You knew the following spells:

 Your Spells              Type           Power      Damage    Failure   Level
t - Summon Lightning Spi  Summ/Air       21%        N/A       56%         4
w - Passwall              Tmut/Erth      5%         N/A       58%         2
W - Swiftness             Air            26%        N/A       10%         3
X - Poisonous Vapours     Pois/Air       38%        N/A       13%         2
Y - Wereblood             Tmut           13%        N/A       32%         2

Your spell library contained the following spells:

 Spells                   Type           Power      Damage    Failure   Level
 Beastly Appendage        Tmut           26%        N/A       22%         1
 Sting                    Tmut/Pois      52%        1d5       22%         1
 Spider Form              Tmut/Pois      13%        N/A       54%         3
 Ensorcelled Hibernation  Hex/Ice        4%         N/A       86%         2
 Lesser Beckoning         Tloc           4%         N/A       86%         2
 Gell's Gravitas          Tloc           2%         N/A       98%         3
 Teleport Other           Tloc           2%         N/A       98%         3
 Olgreb's Toxic Radiance  Pois           13%        N/A       91%         4
 Dispersal                Tloc           1%         N/A       100%        6
 Storm Form               Tmut/Air       9%         N/A       100%        7
 Maxwell's Capacitive Co  Air            13%        ∞         100%        8


Dungeon Overview and Level Annotations

Branches:
Dungeon (9/15)             Temple (0/1) D:6
   Lair: D:8-11         Orc: D:9-12

Altars:
Dithmenos
Elyvilon
Gozag
Ru
Uskayaw
Vehumet


Innate Abilities, Weirdness & Mutations

You have a beak for a mouth.
You have claws for feet.
Your magical nature lets you fly swiftly and evasively.


Message History

You miscast Summon Lightning Spire.
You are very lightly contaminated with residual magic.
The wind whips around you!!
Casting: Summon Lightning Spire (quite dangerous; 56% risk of failure)
Confirm with . or Enter, or press ? or * to list all spells.
You don't know that spell.
Unknown command.
Unknown command.
Casting: Summon Lightning Spire (quite dangerous; 56% risk of failure)
Confirm with . or Enter, or press ? or * to list all spells.
The spell is quite dangerous to miscast (56% risk of failure)!
Continue anyway?
You miscast Summon Lightning Spire.
A chorus of moans calls out in your mind.
A nameless horror comes into view.
There is an open door, spattered with blood here.
The howler monkey howls!
Unknown command.
The howler monkey hoots and howls with incredible vigour!
You see here a +0 shortbow.
The howler monkey hoots and howls with incredible vigour!
There is a stone staircase leading up here.
You fly upwards.
There is a stone staircase leading down here.
You start resting.
Your magical contamination has completely faded away.
You start resting.
Magic restored.
You fly downwards.
The nameless horror barely misses you.
The skeletal warrior hits you with a +0 battleaxe!!
The nameless horror hits you!
* * * LOW HITPOINT WARNING * * *
You feel your power leaking away.
The skeletal warrior closely misses you.
There is a stone staircase leading up, spattered with blood here.
The nameless horror hits you!
* * * LOW HITPOINT WARNING * * *
You feel your power leaking away.
* * * LOW MAGIC WARNING * * *
The skeletal warrior hits you with a +0 battleaxe!!
You die...

,,,,,,,,*,,░...░........,,,,,,,,,
,,,,*****,,░...░........,,,,,,,,,
,,,,,,,,,,,░...░........,,,,,,,,,
,,,,,,,,,,,░...░........,,,,,,,,,
,,,,,,,,,,,░...░........,,,,,,,,,
,,,,,,,,***░...░........,,,,,,,,,
,,,,,,,,†,,)),,░........,,,,,,,,,
,,,,,,,,*,)*),,░.X......,,,,,,,,,
,,,,,,,,****,,,░Q.......,,,,,,,,,
†,,,,,,,,,,*,,,░.z......,,,,,,,,,
,,,,,,,,,,,*,,,░........,,,,,,,,,
,,,,,,,,,,,*,,,░........,,,,,,,,,
***************░░░░░░░░░*********


You could see a skeletal warrior and a nameless horror.

Vanquished Creatures
  A boulder beetle (D:9)
  A two-headed ogre (D:9)
  Maurice (D:9)
  A manticore (D:9)
  Joseph (D:9)
  An efreet (D:9)
  A troll (D:9)
  A hornet (D:9)
  Sigmund (D:4)
  A wyvern (D:7)
  3 yaks (D:8)
  Edmund (D:5)
  An acid dragon (D:9)
  2 water moccasins
  A floating eye (shapeshifter) (D:9)
  3 black bears (D:6)
  2 sky beasts
  6 orc warriors
  7 centaurs
  A phantom (D:4)
  A kobold brigand (D:8)
  4 bullfrogs
  3 necrophages
  A gnoll sergeant (D:7)
  4 scorpions
  7 wights
  6 killer bees (D:9)
  An electric eel (D:9)
  5 howler monkeys
  2 gnoll boudas
  7 orc priests
  3 hounds
  5 jellies
  Natasha (thrice) (D:4)
  12 orc wizards
  9 iguanas
  3 adders
  10 gnolls
  2 shadow imps
  A white imp (D:7)
  3 ufetubi
  A worm (D:3)
  A dart slug (D:4)
  28 orcs
  8 ball pythons
  4 endoplasms
  3 giant cockroaches
  9 goblins
  9 hobgoblins
  3 jackals (D:2)
  3 quokkas
  2 bats
  2 frilled lizards
  16 kobolds
  7 rats
225 creatures vanquished.

Vanquished Creatures (others)
  7 plants (D:9)
7 creatures vanquished.

Grand Total: 232 creatures vanquished

Notes
Turn   | Place    | Note
-------+----------+-------------------------------------------
     0 | D:1      | utis the Tengu Wanderer began the quest for the Orb.
     0 | D:1      | utis set off with the following items: a +0 dagger, 2
                  | atropa-tipped darts, 2 datura-tipped darts, a +0 short
                  | sword, a +0 scale mail, a potion of haste {@q3}.
     0 | D:1      | Reached XP level 1. HP: 10/10 MP: 2/2
   116 | D:1      | Reached XP level 2. HP: 16/16 MP: 3/3
   210 | D:1      | Learned a level 1 spell: Beastly Appendage
   485 | D:1      | Reached skill level 1 in Transmutations
   825 | D:2      | Reached XP level 3. HP: 20/20 MP: 4/4
  1678 | D:3      | Reached skill level 1 in Fighting
  1678 | D:3      | Reached skill level 1 in Dodging
  1678 | D:3      | Reached XP level 4. HP: 24/25 MP: 5/5
  1703 | D:3      | Learned a level 2 spell: Wereblood
  1797 | D:3      | Found a faded altar of an unknown god.
  1816 | D:3      | Reached skill level 1 in Spellcasting
  2063 | D:3      | Gained mutation: Your magical nature lets you fly swiftly
                  | and evasively. [Tengu growth]
  2063 | D:3      | Reached XP level 5. HP: 25/30 MP: 7/7
  2155 | D:3      | Found a hide-covered altar of Uskayaw.
  2630 | D:3      | Found a radiant altar of Vehumet.
  2632 | D:3      | Found an opulent altar of Gozag.
  2916 | D:4      | Noticed Natasha
  2932 | D:4      | Reached skill level 1 in Maces & Flails
  2983 | D:4      | Killed Natasha
  2984 | D:4      | Reached XP level 6. HP: 36/36 MP: 9/9
  3007 | D:4      | You are sucked into a shaft and drop 2 floors!
  3010 | D:6      | Noticed a sky beast
  3210 | D:6      | Noticed a black bear
  3219 | D:6      | Killed a black bear
  3220 | D:6      | Reached XP level 7. HP: 41/41 MP: 11/11
  3565 | D:6      | Reached skill level 1 in Evocations
  3757 | D:6      | Reached XP level 8. HP: 46/46 MP: 12/12
  4068 | D:6      | Reached skill level 5 in Maces & Flails
  4076 | D:5      | Entered Level 5 of the Dungeon
  4274 | D:5      | Found a shadowy altar of Dithmenos.
  4416 | D:5      | Reached skill level 5 in Evocations
  4416 | D:5      | Reached skill level 1 in Throwing
  4778 | D:5      | Noticed Edmund
  4796 | D:5      | Killed Edmund
  4797 | D:5      | Reached XP level 9. HP: 52/52 MP: 14/14
  4880 | D:4      | Noticed Sigmund
  5143 | D:4      | Killed Sigmund
  5450 | D:4      | Noticed Natasha
  5460 | D:4      | Killed Natasha
  5471 | D:4      | Noticed Natasha
  5486 | D:4      | Killed Natasha
  5587 | D:4      | Found a sacrificial altar of Ru.
  5655 | D:4      | Found a white marble altar of Elyvilon.
  5909 | D:6      | Found a staircase to the Ecumenical Temple.
  6882 | D:7      | Reached skill level 5 in Dodging
  7416 | D:8      | Reached skill level 5 in Fighting
  7602 | D:8      | Reached XP level 10. HP: 59/59 MP: 15/15
  7613 | D:8      | Learned a level 2 spell: Poisonous Vapours
  7618 | D:8      | Learned a level 4 spell: Summon Lightning Spire
  7622 | D:8      | Learned a level 3 spell: Swiftness
  7787 | D:8      | Reached skill level 1 in Air Magic
  7787 | D:8      | Reached skill level 1 in Poison Magic
  7792 | D:8      | Reached skill level 2 in Air Magic
  7811 | D:8      | Reached skill level 3 in Air Magic
  7945 | D:8      | Reached skill level 4 in Air Magic
  8916 | D:9      | Reached skill level 5 in Air Magic
  9167 | D:9      | Noticed Joseph
  9369 | D:9      | Noticed Maurice
  9419 | D:9      | Killed Maurice
  9420 | D:9      | Reached skill level 6 in Air Magic
  9635 | D:9      | Reached skill level 1 in Summonings
  9966 | D:9      | Reached skill level 7 in Air Magic
 10036 | D:9      | Noticed a two-headed ogre
 10083 | D:9      | Killed a two-headed ogre
 10084 | D:9      | Reached skill level 8 in Air Magic
 10084 | D:9      | Reached XP level 11. HP: 47/63 MP: 16/16
 10583 | D:9      | Killed Joseph
 10762 | D:9      | Noticed a boulder beetle
 10786 | D:9      | Paralysed by a floating eye for 2 turns
 10806 | D:9      | Learned a level 2 spell: Passwall
 10826 | D:9      | Noticed a manticore
 10832 | D:9      | Killed a manticore
 10933 | D:9      | Killed a boulder beetle
 10934 | D:9      | Reached skill level 5 in Summonings
 10935 | D:9      | Noticed a skeletal warrior
 11487 | D:9      | Noticed a nameless horror
 11543 | D:9      | Mangled by a skeletal warrior

Illustrated notes

Levels and vault maps discovered:
D:1:      dreamdust_arrival_beginning_and_end, layout_basic
D:2:      minmay_wonky_spiral, layout_basic
D:3:      layout_loops_cross, nicolae_uskayaw_suspiria, minitemple,
          shapermc_ecumenical_altar_mp_highgroup, nicolae_figureground_pulse
D:4:      layout_cave_pools, mainiacjoe_overflow_24_doors,
          mainiacjoe_overflow_catwalk, solitary_fountain, uniq_sigmund,
          uniq_natasha
D:5:      layout_basic, mainiacjoe_overflow_paths, uniq_edmund
D:6:      layout_basic, minmay_temple_entry_nine_rooms, chequers_jeans
D:7:      layout_basic, nrook_campfire
D:8:      layout_rooms
D:9:      nzn_winding_woodlands_medium [nzn_winding_woodlands_5x5_closed_star,
          nzn_winding_woodlands_5x15_river_crossing,
          nzn_winding_woodlands_5x5_default, nzn_winding_woodlands_5x5_cross,
          nzn_winding_woodlands_center_lodge, nzn_winding_woodlands_hourglass,
          nzn_winding_woodlands_5x5_open_star,
          nzn_winding_woodlands_5x15_garden,
          nzn_winding_woodlands_5x5_checkerboard], layout_grid_maze,
          minmay_variable_closet, chequers_serial_rivers_micro_c, uniq_maurice,
          uniq_joseph

Skill      XL: |  1  2  3  4  5  6  7  8  9 10 11 |
---------------+----------------------------------+-----
Transmutations | 1 2 3 4 |  4.0
Fighting       | 1 2 3 5 |  5.1
Short Blades   | 2 |  2.0
Dodging        | 1 2 3 5 |  5.0
Spellcasting   | 1 2 3 |  3.0
Maces & Flails | 1 3 4 5 7 |  7.9
Evocations     | 2 5 6 7 |  7.6
Throwing       | 1 3 |  3.9
Air Magic      | 8 |  8.7
Poison Magic   | 4 |  4.0
Summonings     | 2 5 |  5.0
Armour         | |  4.3
Stealth        | |  5.0

Action                     |  1- 3 |  4- 6 |  7- 9 | 10-12 || total
---------------------------+-------+-------+-------+-------++-------
  Melee: Dagger            |   105 |    29 |    12 |    12 ||   158
         Kick              |    30 |    37 |   116 |   127 ||   310
         Peck              |    16 |    20 |    84 |    92 ||   212
         Flail             |       |    15 |       |    12 ||    27
         Whip              |       |    61 |   316 |   287 ||   664
         Punch             |       |     1 |     2 |     5 ||     8
         Dire flail        |       |       |    14 |       ||    14
  Throw: Dart              |     1 |       |       |       ||     1
         Stone             |       |     6 |    20 |    10 ||    36
   Cast: Wereblood         |       |       |     3 |     9 ||    12
         Poisonous Vapours |       |       |       |     8 ||     8
  Evoke: Wand              |       |       |     8 |    21 ||    29
    Use: Scroll            |       |     7 |     3 |     3 ||    13
         Potion            |       |       |       |     3 ||     3
   Stab: Sleeping          |     3 |     2 |     1 |       ||     6
         Distracted        |       |     1 |     1 |       ||     2
         Paralysed         |       |       |     8 |    42 ||    50
 Armour: Scale mail        |    24 |    30 |    60 |    81 ||   195
         Skin              |       |       |       |     3 ||     3
  Dodge: Dodged            |    31 |    69 |   223 |   293 ||   616

Table legend: (Time is in decaauts)
 A = Elapsed time spent in this place.
 B = Non-inter-level travel time spent in this place.
 C = Inter-level travel time spent in this place.
 D = Time resting spent in this place.
 E = Time spent auto-exploring this place.
 F = Levels seen in this place.
 G = Mean time per level.
                   A        B        C        D        E       F      G
               +--------+--------+--------+--------+--------+-----+--------+
         Total |  10807 |  10311 |    496 |   2447 |   4894 |   9 | 1200.8 |
       Dungeon |  10807 |  10311 |    496 |   2447 |   4894 |   9 | 1200.8 |
               +--------+--------+--------+--------+--------+-----+--------+

Top non-repeatable levels by time:
     D:9: 2504 daAuts
     D:6: 1502 daAuts
     D:7: 1310 daAuts
     D:3: 1131 daAuts
     D:8: 1125 daAuts
     D:2: 846 daAuts
     D:5: 837 daAuts
     D:1: 794 daAuts
     D:4: 756 daAuts
